 Dungeon Crawl Stone Soup version 0.31.0-7-gf635a9b802 (webtiles) character file.

Game seed: 818962051148085240

4785 olmar the Geomancer (level 10, -1/69 HPs)
             Began as a Ghoul Earth Elementalist on Jan 24, 2024.
             Was an Initiate of Gozag.
             Slain by a yak (14 damage)
             ... on level 8 of the Dungeon.
             The game lasted 00:11:12 (7667 turns).

olmar the Geomancer (Ghoul Earth Elementalist)      Turns: 7667, Time: 00:11:13

Health: -1/69      AC:  7    Str: 13    XL:     10   Next: 47%
Magic:  7/23       EV: 12    Int: 18    God:    Gozag
Gold:   934        SH:  0    Dex:  9    Spells: 8/27 levels left

rFire   . . .        i - staff of earth
rCold   + . .        (no shield)
rNeg    + + +        A - +0 steam dragon scales
rPois   ∞            e - +1 helmet
rElec   .            (no cloak)
rCorr   +            (no gloves)
SInv    .            (no boots)
Will    +....        (no amulet)
Stlth   ++           n - ring of willpower
HPRegen 0.00/turn    r - ring of resist corrosion
MPRegen 0.18/turn

%: no passive effects
@: gold aura, inhibited regen
A: claws 1, cold resistance 1, negative energy resistance 3, inhibited
regeneration, torment resistance 2, devour on kill
a: Renounce Religion, Potion Petition, Call Merchant, Bribe Branch


You were on level 8 of the Dungeon.
You worshipped Gozag.
Gozag was pleased with you.
You visited 2 branches of the dungeon, and saw 9 of its levels.
You also visited: Sewer.

You collected 1069 gold pieces.
You spent 56 gold pieces at shops.
You paid 79 gold pieces to Gozag.

Inventory:

Hand Weapons
 d - a +3 antimagic dagger
 B - a +2 vampiric whip
 N - the +3 dagger "Cosk" {speed, *Slow rF++}
   (You found it on level 8 of the Dungeon)

   rF++:      It greatly protects you from fire.
   *Slow:     It may slow you when you take damage.
Missiles
 v - 6 curare-tipped darts
 D - a throwing net
Armour
 a - a +0 robe
 e - a +1 helmet (worn)
 z - a +2 leather armour of poison resistance
 A - +0 steam dragon scales (worn)
 F - a +2 kite shield
Magical Staves
 i - a staff of earth (weapon)
 M - a staff of air
Jewellery
 k - an amulet of guardian spirit
 n - a ring of willpower (left claw)
 r - a ring of resist corrosion (right claw)
 G - a ring of flight
 J - a ring of see invisible
Wands
 q - a wand of flame (32)
Scrolls
 g - 4 scrolls of enchant weapon
 j - 2 scrolls of enchant armour
 l - a scroll of silence {unknown}
 m - a scroll of butterflies {unknown}
 p - 3 scrolls of fear
 t - 2 scrolls of teleportation
 u - a scroll of noise
 x - a scroll of amnesia {unknown}
 y - a scroll of blinking {unknown}
 C - a scroll of fog
 H - a scroll of immolation {unknown}
 O - a scroll of brand weapon
Potions
 b - 2 potions of magic
 c - 2 potions of berserk rage {unknown}
 f - a potion of cancellation {unknown}
 h - 3 potions of heal wounds
 o - 2 potions of mutation {unknown}
 s - 2 potions of haste
 w - a potion of enlightenment {unknown}
 E - a potion of resistance {unknown}
 I - 2 potions of ambrosia {unknown}
 K - 3 potions of curing {unknown}
 L - 2 potions of might {unknown}


   Skills:
 - Level 0.2 Staves
 - Level 1.7 Armour
 - Level 1.7 Dodging
 - Level 2.1 Stealth
 + Level 9.2 Spellcasting
 + Level 1.9 Conjurations
 + Level 11.5 Earth Magic


You had 8 spell levels left.
You knew the following spells:

 Your Spells              Type           Power      Damage    Failure   Level
a - Sandblast             Erth           100%       2d20      1%          1
b - Passwall              Erth           66%        N/A       1%          3
c - Stone Arrow           Conj/Erth      98%        3d13      1%          3
d - Petrify               Alch/Erth      43%        N/A       8%          4
e - Brom's Barrelling Bo  Conj/Erth      49%        2d7       5%          4
f - Leda's Liquefaction   Alch/Erth      21%        N/A       8%          4

Your spell library contained the following spells:

 Spells                   Type           Power      Damage    Failure   Level
 Kiss of Death            Conj/Necr      44%        2d8       6%          1
 Lesser Beckoning         Tloc           16%        N/A       13%         2
 Confusing Touch          Hex            8%         N/A       26%         3
 Frozen Ramparts          Ice            16%        1d3       26%         3
 Gell's Gravitas          Tloc           8%         N/A       26%         3
 Teleport Other           Tloc           8%         N/A       26%         3
 Dispel Undead            Necr           8%         3d8       65%         4
 Metabolic Englaciation   Hex/Ice        4%         N/A       94%         5


Dungeon Overview and Level Annotations

Branches:
Dungeon (8/15)             Temple (1/1) D:6            Lair (0/5) D:8
  Sewer (visited)

Altars:
Ashenzari
Cheibriados
Dithmenos
Fedhas
Gozag
Hepliaklqana
Kikubaaqudgha
Makhleb
Nemelex Xobeh
Okawaru
Qazlal
Ru
Sif Muna
Trog
Uskayaw
Vehumet
Wu Jian
Xom
Yredelemnul

Shops:
D:5 =   D:7 *


Innate Abilities, Weirdness & Mutations

You are immune to poison.
You have sharp fingernails.
Your flesh is cold resistant. (rC+)
You are immune to negative energy. (rN+++)
You do not regenerate when monsters are visible.
You are immune to unholy pain and torment.
You thrive by killing the living.


Message History

Casting: Sandblast (safe; 1% risk of failure)
Confirm with . or Enter, or press ? or * to list all spells.
Okay, then.
Casting: Sandblast (safe; 1% risk of failure)
Confirm with . or Enter, or press ? or * to list all spells.
Aiming: Petrify (dangerous; 8% risk of failure)
Press: ? - help, Shift-Dir - straight line, f - yak, p - yak
Aim: a yak (chance to affect: 67%)
You feel a surge of power!
The yak struggles to resist.
The yak resists with significant effort.
The bullfrog resists with significant effort.
The yak misses you.
The bullfrog hits the plant.
The plant begins to die.
The yak gores you but does no damage. The yak closely misses you.
Unknown command.
Unknown command.
Casting: Petrify (dangerous; 8% risk of failure)
Confirm with . or Enter, or press ? or * to list all spells.
Aiming: Petrify (dangerous; 8% risk of failure)
Press: ? - help, Shift-Dir - straight line, f/p - yak
Aim: a yak (chance to affect: 67%)
You feel a surge of power!
The yak is moving more slowly.
The yak resists with significant effort.
The bullfrog resists with significant effort.
The bullfrog hits the plant.
The yak closely misses you. The yak gores you!
* * * LOW HITPOINT WARNING * * *
The yak gores you.
* * * LOW HITPOINT WARNING * * *
The bullfrog hits the plant.
Unknown command.
Unknown command.
Okay, then.
Casting: Petrify (dangerous; 8% risk of failure)
Confirm with . or Enter, or press ? or * to list all spells.
Aiming: Petrify (dangerous; 8% risk of failure)
Press: ? - help, Shift-Dir - straight line, f - yak, p - yak
Aim: a yak (chance to affect: 67%)
You feel a surge of power!
The yak is moving more slowly. x3
The yak gores you!
You die...
Your body crumbles into a pile of gold.

.P....P......####
...........♣..#
.......P..)..##
.....P........###..
...P.PP.P.....#....
.......P......>..$.P..).....
................P...........
.......P.P.P..PYY....♣......
!........(....YP@...........
...o......♣....YP...........
...oo.......P..FP$.....$....
..............P♣..P.........
..............P..##.........
.
.$.Y...........####.........
.. ...............
#......... ...
.............. #.........
... Y.............
#......... ...


You could see 4 yaks and a bullfrog.

Vanquished Creatures
  Pikel (D:5)
  Grinder (D:3)
  2 wyverns
  7 yaks
  A steam dragon (D:5)
  An acid dragon (D:6)
  4 water moccasins
  An orc warrior (D:8)
  An ice beast (D:7)
  A black bear (D:4)
  A sky beast (D:7)
  3 ogres
  3 lemures (D:5)
  A phantom (D:5)
  A kobold brigand (D:7)
  3 bullfrogs
  A gnoll sergeant (D:7)
  A wight (D:8)
  A howler monkey (D:7)
  A bombardier beetle (D:5)
  4 orc priests
  3 hounds
  2 jellies (D:7)
  3 sleepcaps
  3 orc wizards
  Ijyb (D:5)
  10 iguanas
  7 gnolls
  5 river rats (Sewer)
  11 adders
  4 shadow imps
  4 white imps
  2 ufetubi (D:5)
  5 ribbon worms
  21 orcs
  6 endoplasms
  2 giant cockroaches (D:4)
  4 goblins (D:1)
  A hobgoblin (D:2)
  8 jackals
  2 quokkas (D:1)
  15 ball pythons
  2 bats
  5 frilled lizards
  3 kobolds (D:1)
  24 rats
193 creatures vanquished.

Notes
Turn   | Place    | Note
-------+----------+-------------------------------------------
     0 | D:1      | olmar the Ghoul Earth Elementalist began the quest for the
                  | Orb.
     0 | D:1      | Reached XP level 1. HP: 14/14 MP: 3/3
     2 | D:1      | Noticed a djinni
     2 | D:1      | Noticed an octopode
     4 | D:1      | Noticed an oni
     6 | D:1      | Noticed a barachi
     8 | D:1      | Noticed a merfolk
     8 | D:1      | Noticed a ghoul
    10 | D:1      | Noticed a demigod
    10 | D:1      | Noticed an elf
    12 | D:1      | Noticed a formicid
    12 | D:1      | Noticed a minotaur
    14 | D:1      | Noticed a vine stalker
    16 | D:1      | Noticed an armataur
    16 | D:1      | Noticed a human
    18 | D:1      | Noticed a felid
    20 | D:1      | Noticed a troll
    20 | D:1      | Noticed a tengu
    22 | D:1      | Noticed a demonspawn
    22 | D:1      | Noticed a vampire
    24 | D:1      | Noticed a spriggan
    24 | D:1      | Noticed a naga
    26 | D:1      | Noticed a draconian
    26 | D:1      | Noticed a gargoyle
   245 | D:1      | Reached XP level 2. HP: 20/20 MP: 2/4
   498 | D:1      | Reached skill level 4 in Earth Magic
   519 | D:1      | Reached XP level 3. HP: 18/26 MP: 0/6
   931 | D:2      | Found a burning altar of Makhleb.
  1111 | D:2      | Learned a level 3 spell: Passwall
  2091 | D:3      | Noticed Grinder
  2096 | D:3      | Killed Grinder
  2097 | D:3      | Reached skill level 5 in Earth Magic
  2097 | D:3      | Reached XP level 4. HP: 33/33 MP: 1/9
  2097 | D:3      | Reached XP level 5. HP: 38/38 MP: 1/10
  2097 | D:3      | Reached XP level 6. HP: 45/45 MP: 1/11
  3238 | D:4      | Noticed a black bear
  3242 | D:4      | Killed a black bear
  3243 | D:4      | Reached skill level 6 in Earth Magic
  3450 | D:5      | Entered Level 5 of the Dungeon
  3478 | D:5      | Reached XP level 7. HP: 43/50 MP: 9/13
  3618 | D:4      | Learned a level 3 spell: Stone Arrow
  3623 | D:4      | Learned a level 4 spell: Petrify
  3870 | D:5      | Noticed Ijyb
  3874 | D:5      | Killed Ijyb
  3936 | D:5      | Noticed Pikel
  4371 | D:5      | Noticed a steam dragon
  4397 | D:5      | Killed a steam dragon
  4398 | D:5      | Reached skill level 5 in Spellcasting
  4398 | D:5      | Reached skill level 7 in Earth Magic
  4440 | D:5      | Reached skill level 1 in Armour
  4440 | D:5      | Reached XP level 8. HP: 47/57 MP: 4/15
  4545 | D:5      | Found Ynaidyod's Jewellery Boutique.
  5005 | D:5      | Killed Pikel
  5006 | D:5      | Reached skill level 1 in Conjurations
  5006 | D:5      | Reached skill level 8 in Earth Magic
  5103 | D:5      | Found a basalt altar of Yredelemnul.
  5103 | D:5      | Found a stormy altar of Qazlal.
  5189 | D:5      | Found a shadowy altar of Dithmenos.
  5279 | D:6      | Reached XP level 9. HP: 62/62 MP: 14/19
  5335 | D:5      | Reached skill level 9 in Earth Magic
  5344 | D:6      | Found a staircase to the Ecumenical Temple.
  5359 | Temple   | Entered the Ecumenical Temple
  5372 | Temple   | Became a worshipper of Gozag Ym Sagoz the Greedy
  5474 | D:6      | Found a glowing drain.
  5478 | Sewer    | Entered a sewer
  6589 | D:7      | Reached skill level 10 in Earth Magic
  6729 | D:7      | Found Saucoust's Assorted Antiques.
  6738 | D:7      | Bought a scroll of identify for 56 gold pieces
  6906 | D:7      | Reached XP level 10. HP: 69/69 MP: 18/22
  6986 | D:7      | Reached skill level 11 in Earth Magic
  7448 | D:8      | Identified the +3 dagger "Cosk" {speed, *Slow rF++}
  7512 | D:8      | Learned a level 4 spell: Brom's Barrelling Boulder
  7517 | D:8      | Learned a level 4 spell: Leda's Liquefaction
  7611 | D:8      | Found a staircase to the Lair.
  7667 | D:8      | Slain by a yak

Illustrated notes

Levels and vault maps discovered:
D:1:      kb_arrival_jail, layout_basic
D:2:      layout_basic, basic_altar
D:3:      layout_loops_corners, minmay_misc_feat_doors, kennysheep_minor_cross,
          minmay_misc_feat_tiny, serial_bayou_ford_a, uniq_grinder
D:4:      layout_loops_corners
D:5:      layout_basic, gammafunk_temple_overflow_elements,
          grunt_dithmenos_shadows, serial_shops, shop, grunt_decor_resistance,
          uniq_ijyb, uniq_pikel
D:6:      layout_rooms, minmay_temple_entry_arrows, gup_sewer_entry_spiral,
          serial_corexii_hall, corexii_hall_statues_u, corexii_hall_statues_l
D:7:      layout_cave_pools, serial_shops, shop_coins, kennysheep_generic_room_9
D:8:      layout_cave_pods, minmay_lair_entry_grove, st_stairs_14, uniq_joseph
Temple:   nicolae_temple_bog_church

Skill      XL: |  1  2  3  4  5  6  7  8  9 10 |
---------------+-------------------------------+-----
Spellcasting   | 2 3 4 5 6 8 9 |  9.2
Earth Magic    | 4 5 6 7 8 10 11 | 11.5
Armour         | 1 |  1.7
Conjurations   | 1 |  1.9
Staves         | |  0.2
Dodging        | |  1.7
Stealth        | |  2.1

Action                     |  1- 3 |  4- 6 |  7- 9 | 10-12 || total
---------------------------+-------+-------+-------+-------++-------
  Melee: Unarmed           |     4 |       |       |       ||     4
         Staff             |     9 |       |    11 |     1 ||    21
   Cast: Sandblast         |    45 |    21 |   165 |    30 ||   261
         Stone Arrow       |       |       |    11 |     8 ||    19
         Passwall          |       |       |     3 |       ||     3
         Petrify           |       |       |       |     3 ||     3
  Evoke: Wand              |       |       |    18 |       ||    18
    Use: Scroll            |     3 |       |     7 |       ||    10
         Potion            |       |       |     1 |       ||     1
 Armour: Robe              |    12 |     5 |    33 |       ||    50
         Leather armour    |       |       |     7 |       ||     7
         Steam dragon scal |       |       |    73 |    18 ||    91
  Dodge: Dodged            |    14 |     4 |   106 |    18 ||   142
